AoeStats
← [NICE_ASS] BigMasi

Lombardia

507581743Analyzed
3v3 RM · 13d ago on Sep 18, 2026· 55m 49s· 6 players
Game mode
Random Map
Map size
Normal (6 player)
Population
200
Speed
Normal
Resources
Standard
Victory
Conquest
Starting age
Dark Age
Ending age
Imperial Age
RankedLock teamsTeams togetherTeam positionsShared explorationLock speedFull tech treeHidden civsTurbo modeCheats
Victory
Defeat
🇪🇬 Celts · Egypt
1378
+12
🇸🇦 Britons · Saudi Arabia
1281
+15
🇪🇬 Saracens · Egypt
1273
+16
🇨🇭 Georgians · Switzerland
1291
-15
🇵🇹 Spanish · Portugal
1287
-15
🇦🇷 Magyars · Argentina
1251
-13
Massarock
1:56 Loom
2:55 Loom
9:02 Loom
11:14 Feudal Age
12:04 Double-Bit Axe
12:45 Horse Collar
14:59 Forging
15:32 Scale Barding Armor
17:39 Bloodlines
23:22 Castle Age
21:17 Gold Mining
24:51 Bow Saw
24:42 Heavy Plow
24:05 Light Cavalry
25:22 Iron Casting
25:48 Wheelbarrow
26:22 Chain Barding Armor
36:21 Imperial Age
35:40 Husbandry
37:13 Cavalier
38:55 Blast Furnace
37:24 Capped Ram
39:03 Paladin
41:15 Chemistry
42:27 Plate Barding Armor
41:54 Padded Archer Armor
42:50 Conscription
43:08 Caravan
45:02 Leather Archer Armor
46:27 Siege Ram
48:51 Ring Archer Armor
48:58 Plate Barding Armor
50:22 Hussar
[NICE_ASS] BigMasi
10:53 Feudal Age
15:28 Castle Age
14:40 Double-Bit Axe
14:52 Horse Collar
16:18 Bow Saw
21:38 Heavy Plow
22:52 Wheelbarrow
24:29 Gold Mining
24:30 Stone Mining
27:10 Fletching
27:21 Padded Archer Armor
27:27 Scale Barding Armor
28:09 Loom
31:24 Imperial Age
32:15 Chain Barding Armor
33:31 Plate Barding Armor
34:16 Hand Cart
33:47 Town Watch
34:55 Bloodlines
34:45 Husbandry
35:24 Conscription
35:28 Forging
36:53 Elite Monaspa
40:15 Iron Casting
40:10 Onager
41:14 Ballistics
41:55 Chemistry
41:13 Capped Ram
42:00 Siege Onager
46:09 Blast Furnace
45:33 Light Cavalry
47:04 Light Cavalry
54:34 Bodkin Arrow
54:41 Padded Archer Armor
54:41 Heavy Scorpion
Garrón Husita
11:40 Feudal Age
15:49 Castle Age
13:35 Loom
14:05 Double-Bit Axe
17:23 Gold Mining
17:21 Horse Collar
20:52 Fletching
25:29 Bodkin Arrow
27:19 Padded Archer Armor
27:25 Husbandry
27:41 Bloodlines
30:55 Ballistics
36:04 Wheelbarrow
35:16 Town Watch
37:47 Hand Cart
40:53 Imperial Age
39:26 Leather Archer Armor
41:44 Bracer
42:45 Chemistry
42:03 Hand Cart
42:55 Conscription
43:52 Thumb Ring
45:32 Heavy Cavalry Archer
49:27 Bow Saw
49:53 Gold Shaft Mining
49:09 Stone Mining
49:25 Heavy Plow
50:50 Ring Archer Armor
53:02 Recurve Bow
54:42 Parthian Tactics
Ali sanfur
9:34 Loom
12:52 Feudal Age
17:39 Castle Age
15:27 Horse Collar
15:36 Double-Bit Axe
20:47 Bow Saw
20:43 Heavy Plow
24:58 Wheelbarrow
24:42 Gold Mining
32:41 Imperial Age
32:18 Forging
32:14 Scale Barding Armor
32:33 Stone Mining
35:20 Hand Cart
35:42 Conscription
36:19 Iron Casting
36:04 Chain Barding Armor
35:36 Elite Mameluke
37:44 Bloodlines
37:34 Husbandry
41:16 Blast Furnace
40:52 Plate Barding Armor
40:59 Gold Shaft Mining
41:38 Caravan
44:06 Ballistics
44:47 Chemistry
55:03 Light Cavalry
Mousa The GREAT
9:53 Loom
12:04 Feudal Age
16:11 Castle Age
14:39 Horse Collar
14:59 Double-Bit Axe
18:34 Bow Saw
23:57 Fletching
25:17 Bodkin Arrow
26:08 Guard Tower
27:29 Masonry
30:03 Wheelbarrow
33:09 Imperial Age
31:06 Hand Cart
31:59 Ballistics
32:37 Scale Mail Armor
32:47 Forging
33:36 Chain Mail Armor
33:24 Heavy Scorpion
34:39 Furor Celtica
34:50 Conscription
35:55 Chemistry
35:55 Plate Mail Armor
36:01 Iron Casting
36:48 Keep
38:54 Blast Furnace
37:28 Pikeman
37:54 Arson
38:08 Halberdier
39:24 Siege Engineers
40:20 Murder Holes
40:19 Arrowslits
40:37 Town Watch
41:07 Fortified Wall
40:27 Capped Ram
42:17 Hoardings
42:35 Town Patrol
43:19 Treadmill Crane
Don3z
8:49 Loom
10:34 Feudal Age
14:24 Double-Bit Axe
15:40 Gold Mining
18:28 Fletching
20:00 Wheelbarrow
23:21 Castle Age
21:51 Padded Archer Armor
23:31 Crossbowman
24:13 Bodkin Arrow
25:41 Ballistics
37:20 Imperial Age
37:42 Arbalester
43:06 Bracer
43:10 Town Watch
45:13 Leather Archer Armor
48:12 Chemistry
53:10 Forging
53:06 Scale Barding Armor
52:23 Light Cavalry
53:05 Husbandry
53:58 Horse Collar
54:28 Bow Saw
55:30 Iron Casting
55:16 Chain Barding Armor
Connection lost

Rejoining the realm…

Still unreachable

The connection could not be restored.

Session expired

The server has moved on; the page needs a fresh start.